 Dungeon Crawl Stone Soup version 0.27-a0-1200-g94dc6ad4cf (webtiles) character file.

Game seed: 16425668186375282998

74 Delamore the Skirmisher (level 4, 0/29 HPs)
             Began as a Gargoyle Fighter on May 29, 2021.
             Killed from afar by Sigmund (11 damage)
             ... with a puff of flame
             ... on level 3 of the Dungeon.
             The game lasted 00:03:09 (2549 turns).

Delamore the Skirmisher (Gargoyle Fighter)          Turns: 2549, Time: 00:03:10

Health: 0/29       AC: 11    Str: 20    XL:     4   Next: 30%
Magic:  4/4        EV:  7    Int: 15    God:
Gold:   80         SH:  9    Dex:  9    Spells: 3/3 levels left

rFire    . . .     SeeInvis .   a - +0 flail
rCold    . . .     Faith    .   c - +0 kite shield
rNeg     + . .     Spirit   .   b - +0 scale mail
rPois    ∞         Reflect  .   i - +0 helmet
rElec    +         Harm     .   (no cloak)
rCorr    .         Rampage  .   (no gloves)
Will     .....                  (no boots)
Stlth    ..........             (no amulet)
HPRegen  0.09/turn              j - +6 ring of intelligence
MPRegen  0.09/turn              (no ring)

@: no status effects
A: sickness immunity, AC +3, negative energy resistance 1, electricity
resistance, torment resistance 1, petrification resistance
a: no special abilities


You were on level 3 of the Dungeon.
You visited 1 branch of the dungeon, and saw 3 of its levels.

You collected 80 gold pieces.

Inventory:

Hand Weapons
 a - a +0 flail (weapon)
Missiles
 o - 18 poisoned darts (quivered)
Armour
 b - a +0 scale mail (worn)
 c - a +0 kite shield (worn)
 i - a +0 helmet (worn)
Jewellery
 j - a +6 ring of intelligence (left hand)
 l - a ring of magical power
Scrolls
 f - a scroll of silence {unknown}
 g - a scroll of teleportation
 h - a scroll of fog {unknown}
 k - a scroll of holy word {unknown}
 m - a scroll of blinking {unknown}
 n - a scroll of noise {unknown}
Potions
 d - a potion of might
 e - a potion of mutation {unknown}


   Skills:
 + Level 4.1 Fighting
 * Level 3.8 Maces & Flails
 - Level 3.2 Armour
 - Level 3.2 Shields


You had 3 spell levels left.
You didn't know any spells.
Your spell library contained the following spells:

 Spells                   Type           Power      Damage    Failure   Level
 Animate Skeleton         Necr           0%         N/A       98%         1
 Apportation              Tloc           0%         N/A       98%         1
 Corona                   Hex            0%         N/A       98%         1
 Summon Small Mammal      Summ           0%         N/A       98%         1
 Confusing Touch          Hex            0%         N/A       100%        3
 Gell's Gravitas          Tloc           0%         N/A       100%        3
 Petrify                  Tmut/Erth      0%         N/A       100%        4
 Metabolic Englaciation   Hex/Ice        0%         N/A       100%        5
 Yara's Violent Unravell  Hex/Tmut       0%         3d3       100%        5


Dungeon Overview and Level Annotations

Branches:
Dungeon (3/15)

Altars:

Annotations:
D:3 Sigmund


Innate Abilities, Weirdness & Mutations

You are immune to sickness and miasma.
Your stone body is resilient. (AC +3)
You are immune to poison.
You resist negative energy. (rN+)
You are resistant to electric shocks. (rElec)
You are resistant to unholy torment.
You are immune to petrification.


Message History

No target in view!
Things that are here:
a +0 club; 4 stones; a kobold corpse
Found a stone staircase leading up.
You now have 80 gold pieces (gained 9).
You open the door.
Found a barding.
You open the door.
There is an open door here.
You open the large door.
There is a large open door here.
There is a large open door here.
Sigmund the Dreaded comes into view.
He is wielding a +0 scythe.
Sigmund shouts!
Sigmund gestures at you while chanting.
You are confused.
Found a coppery potion.
You are too confused!
You throw a poisoned dart.
o - 18 poisoned darts (gained 1)
You bump into the rock wall.
You're too confused to move!
You bump into the rock wall.
You feel less confused. You block Sigmund's attack.
Sigmund points at you and mumbles some strange words.
You are confused.
You bump into the rock wall.
Sigmund casts a spell at you.
The magic dart hits you but does no damage.
Sigmund hits you from afar with a +0 scythe.
Sigmund hits you with a +0 scythe.
Sigmund hits you from afar with a +0 scythe!
You bump into the rock wall.
You feel less confused. You block Sigmund's attack.
Sigmund says, "You will soon forget everything."
Sigmund casts a spell at you. The puff of flame hits you!
You die...

>. ##
#.....'....... ...
#. #.....########
#.# ### ###'#.#
#.# ..#######'#.#
............#
#J...........####
#...............#
##............##.#
..........#.#.##@#
#.........#.#.##.#
#.........#.#.##.#
#.........(.#.##@#
#.........###.##.#
#...###+#.!......#
#...# #.###.####
#...# ..
#...#####...


You could see Sigmund.

Vanquished Creatures
  4 adders
  2 dart slugs
  2 ball pythons
  3 endoplasms
  A giant cockroach (D:1)
  3 goblins
  2 hobgoblins (D:2)
  3 jackals (D:2)
  4 quokkas
  A bat (D:1)
  A frilled lizard (D:1)
  3 kobolds
  3 rats
32 creatures vanquished.

Notes
Turn   | Place    | Note
-------+----------+-------------------------------------------
     0 | D:1      | Delamore the Gargoyle Fighter began the quest for the Orb.
     0 | D:1      | Reached XP level 1. HP: 14/14 MP: 1/1
   317 | D:1      | Reached XP level 2. HP: 16/19 MP: 2/2
  1069 | D:2      | Reached XP level 3. HP: 24/24 MP: 3/3
  2167 | D:3      | Found a faded altar of an unknown god.
  2189 | D:3      | Reached skill level 4 in Fighting
  2189 | D:3      | Reached XP level 4. HP: 25/29 MP: 4/4
  2532 | D:3      | Noticed Sigmund
  2549 | D:3      | Killed from afar by Sigmund

Illustrated notes

Levels and vault maps discovered:
D:1:      evilmike_arrival_hilbert_curve, layout_loops_ring
D:2:      layout_basic
D:3:      layout_basic, nzn_hepliaklqana_mist_gate,
          chequers_ecumenical_altar_simple_redux, ebering_ghost_disaster_area,
          hangedman_feature_mirror, uniq_sigmund

Skill      XL: |  1  2  3 |
---------------+----------+-----
Maces & Flails | 3 |  3.8
Fighting       | 4 |  4.1
Armour         | |  3.2
Shields        | |  3.2

Action                   |  1- 3 |  4- 6 || total
-------------------------+-------+-------++-------
Melee: Flail             |   101 |    11 ||   112
Throw: Dart              |       |     1 ||     1
  Use: Scroll            |     1 |       ||     1
Armor: Scale mail        |    76 |     7 ||    83
Dodge: Dodged            |    42 |     1 ||    43
Block: Kite shield       |    70 |    11 ||    81

Table legend: (Time is in decaauts)
 A = Elapsed time spent in this place.
 B = Non-inter-level travel time spent in this place.
 C = Inter-level travel time spent in this place.
 D = Time resting spent in this place.
 E = Time spent auto-exploring this place.
 F = Levels seen in this place.
 G = Mean time per level.
                   A        B        C        D        E       F      G
               +--------+--------+--------+--------+--------+-----+--------+
         Total |   2604 |   2509 |     95 |    259 |   1933 |   3 |  868.0 |
       Dungeon |   2604 |   2509 |     95 |    259 |   1933 |   3 |  868.0 |
               +--------+--------+--------+--------+--------+-----+--------+

Top non-repeatable levels by time:
     D:2: 1230 daAuts
     D:1: 952 daAuts
     D:3: 421 daAuts
